 Dungeon Crawl Stone Soup version 0.31-a0-217-g58bb5d79cf (webtiles) character file.

Game seed: 10752150645505672776

32 qw the Shooter (level 3, -2/21 HPs)
             Began as a Gargoyle Hexslinger on July 2, 2023.
             Slain by an orc
             ... wielding a +2 flail of protection
              (6 damage)
             ... on level 3 of the Dungeon.
             The game lasted 00:00:29 (1477 turns).

qw the Shooter (Gargoyle Hexslinger)                Turns: 1477, Time: 00:00:29

Health: -2/21      AC:  8    Str: 11    XL:     3   Next: 27%
Magic:  4/4        EV: 10    Int: 13    God:
Gold:   136        SH:  0    Dex: 14    Spells: 3/4 levels left

rFire   . . .        Y - +3 sling (chaos)
rCold   . . .        (no shield)
rNeg    + . .        e - +0 ring mail
rPois   inf          (no helmet)
rElec   +            (no cloak)
rCorr   +            (no gloves)
SInv    .            (no boots)
Will    .....        (no amulet)
Stlth   +            h - ring of resist corrosion
HPRegen 0.23/turn    (no ring)
MPRegen 0.09/turn

%: no passive effects
@: no status effects
A: sickness immunity, AC +3, negative energy resistance 1, electricity
resistance, torment resistance 1, petrification resistance
a: no special abilities


You were on level 3 of the Dungeon.
You visited 1 branch of the dungeon, and saw 3 of its levels.

You collected 136 gold pieces.


Innate Abilities, Weirdness & Mutations

You are immune to sickness and miasma.
Your stone body is resilient. (AC +3)
You are immune to poison.
You resist negative energy. (rN+)
You are resistant to electric shocks. (rElec)
You are resistant to unholy torment.
You are immune to petrification.


   Skills:
 - Level 2.0 Fighting
 + Level 3.2 Ranged Weapons
 - Level 1.5 Dodging
 - Level 1.0 Spellcasting
 - Level 2.6 Hexes


You had 3 spell levels left.
You knew the following spells:

 Your Spells              Type           Power      Damage    Failure   Level
a - Slow                  Hex            28%        N/A       22%         1

Your spell library contained the following spells:

 Spells                   Type           Power      Damage    Failure   Level
 Inner Flame              Hex/Fire       4%         N/A       75%         3
 Portal Projectile        Hex/Tloc       8%         N/A       75%         3
 Cause Fear               Hex            3%         N/A       92%         4

Inventory:

Hand Weapons
 Y - a +3 sling of chaos (weapon)
Armour
 e - a +0 ring mail (worn)
Jewellery
 h - a ring of resist corrosion (left hand)
Scrolls
 c - a scroll of identify
Potions
 f - a potion of enlightenment {unknown}
 i - a potion of ambrosia {unknown}
 j - a potion of curing {unknown}
 k - a potion of heal wounds {unknown}

Dungeon Overview and Level Annotations

Branches:
Dungeon (3/15)

Altars:


Message History

1426 ||| DROPPING potion of lignification.
You drop a potion of lignification.
Done exploring.
(D) Dungeon
Where to? (* - list waypoints, Enter - D:2, ? - help)
What level of the Dungeon? (default 1, ? - help)
There is an open door here.
You feel your willpower return.
There is a stone staircase leading down here.
You climb downwards.
There is a stone staircase leading up here.
Waypoint 2 assigned to D:3.
Found a book of Armaments.
A dart slug comes into view.
You shoot a sling bullet. The sling bullet hits the dart slug!
The dart slug seems to grow stronger.
The dart slug is severely wounded.
You shoot a sling bullet. The sling bullet hits the dart slug!
You kill the dart slug!
Found an escape hatch in the ceiling.
An orc comes into view.
It is wielding a +2 flail of protection.
You shoot a sling bullet. The sling bullet barely misses the orc.
The orc completely misses you.
You shoot a sling bullet. The sling bullet barely misses the orc.
The orc hits you with a +2 flail of protection.
You shoot a sling bullet.
The sling bullet closely misses the orc.
The orc barely misses you.
The orc hits you with a +2 flail of protection!
You shoot a sling bullet.
The sling bullet hits the orc but does no damage.
The orc completely misses you.
You shoot a sling bullet.
The sling bullet hits the orc but does no damage.
The orc is poisoned.
The orc barely misses you.
You shoot a sling bullet.
The sling bullet hits the orc but does no damage.
The orc hits you with a +2 flail of protection. x2
You die... ......# . .. ......# #.
P.P

......# #.##PP
......# #..... .....
#....# ...#
#....########o..#
#####...........@...#
.............###....#
#........##.......#
...#..<..#..........#
#.......##.##:.....<#
#.##.......##.......#
# #.#.#..###.......#
.....##.# #.......#
##.### .#


You could see an orc (very poisoned).

Vanquished Creatures
  A dart slug (D:3)
  A ball python (D:2)
  5 bats
  4 endoplasms
  A giant cockroach (D:2)
  5 goblins
  4 hobgoblins
  2 kobolds (D:1)
  3 frilled lizards
  A rat (D:1)
27 creatures vanquished.

Notes
Turn   | Place    | Note
-------+----------+-------------------------------------------
     0 | D:1      | qw the Gargoyle Hexslinger began the quest for the Orb.
     0 | D:1      | Reached XP level 1. HP: 12/12 MP: 2/2
     0 | D:1      | 0 ||| qw: Version: 0.3-a-40-ge99b1a8
     0 | D:1      | 0 ||| qw: Game counter: 162
     0 | D:1      | 0 ||| qw: Melee chars always use a shield: true
     0 | D:1      | 0 ||| qw: God list: Okawaru
     0 | D:1      | 0 ||| qw: Allow faded altars: false
     0 | D:1      | 0 ||| qw: Do Orc after clearing Dungeon:15 true
     0 | D:1      | 0 ||| qw: Do second Lair branch before Depths: true
     0 | D:1      | 0 ||| qw: Lair rune preference: random
     0 | D:1      | 0 ||| qw: Goals: Normal
     0 | D:1      | 0 ||| PLANNING D:1-11
   131 | D:1      | Reached XP level 2. HP: 16/16 MP: 3/3
   171 | D:1      | 171 ||| Stepping ~*~*~tactically~*~*~ (water).
   283 | D:1      | Found a faded altar of an unknown god.
   458 | D:1      | Reached skill level 3 in Ranged Weapons
   634 | D:1      | 634 ||| UPGRADING to +0 ring mail.
   644 | D:1      | 644 ||| DROPPING +0 robe.
   645 | D:1      | 645 ||| READING scroll labelled QAV UDWYD VEAL.
   646 | D:1      | 646 ||| READING scroll labelled ZIT LOITASKA.
   649 | D:1      | 649 ||| READING scroll labelled ITHRAL PAFIAPT.
   650 | D:1      | 650 ||| READING scroll labelled WAEHOL BAIFIOP.
   651 | D:1      | 651 ||| DROPPING scroll of poison.
   802 | D:2      | 802 ||| READING scroll of enchant weapon.
   802 | D:2      | 802 ||| ENCHANTING +2 sling.
   859 | D:2      | 859 ||| FLEEEEING.
   895 | D:2      | Reached XP level 3. HP: 21/21 MP: 4/4
  1421 | D:2      | 1421 ||| UPGRADING to ring of resist corrosion.
  1422 | D:2      | 1422 ||| READING scroll labelled ZUC KONENEYCLI.
  1423 | D:2      | 1423 ||| READING scroll labelled JESIRI KAUTIR.
  1424 | D:2      | 1424 ||| READING scroll labelled ECKYNTORRU.
  1425 | D:2      | 1425 ||| READING 2 scrolls of identify.
  1425 | D:2      | 1425 ||| IDENTIFYING bubbling puce potion
  1426 | D:2      | 1426 ||| DROPPING potion of lignification.
  1477 | D:3      | HP: 4/21 [orc/+2 flail of protection (6)]
  1477 | D:3      | Slain by an orc

Levels and vault maps discovered:
D:1:      dpeg_arrival_line_fractal, layout_basic, serial_bayou,
          serial_bayou_shore_b, serial_bayou_lagoon_b, serial_bayou_shore_b,
          serial_bayou_pond_c, ebering_ecumenical_altar_petrified,
          nrook_mini_backslash, minmay_tetromino_l2
D:2:      layout_basic, hangedman_decor_diamond_cutter, minmay_tripent
D:3:      cheibrodos_old_hovel, layout_rooms, lemuel_coloured_pillars_altar,
          nrook_loot_triangle, lightli_corner_chamber, uniq_sigmund,
          uniq_jessica

Skill      XL: |  1  2 |
---------------+-------+-----
Ranged Weapons | 3 |  3.2
Fighting       | 2 |  2.0
Dodging        | |  1.5
Spellcasting   | |  1.0
Hexes          | |  2.6

Action                     || total
---------------------------++-------
   Fire: Sling             ||    82
    Use: Scroll            ||     9
 Armour: Robe              ||     6
         Ring mail         ||     4
  Dodge: Dodged            ||    28

Table legend:
 A = Non-vault XP
 B = Vault XP
 C = Vault XP percentage of total XP
 D = Non-vault monster count
 E = Vault monster count
 F = Vault count percentage of total count
                 A         B        C        D         E       F
            +---------+---------+-------+---------+---------+-------
      Total |      39 |       8 |  17.0 |      23 |       4 |  14.8
            +---------+---------+-------+---------+---------+-------
        D:1 |      16 |       4 |  20.0 |      10 |       2 |  16.7
        D:2 |      19 |       4 |  17.4 |      12 |       2 |  14.3
        D:3 |       4 |       0 |   0.0 |       1 |       0 |   0.0
            +---------+---------+-------+---------+---------+-------
